 Dungeon Crawl Stone Soup version 0.27-a0-1191-g601b473118 (webtiles) character file.

Game seed: 10934884262424066117

64 karkarkar the Chopper (level 3, -2/49 HPs)
             Began as a Minotaur Berserker on May 25, 2021.
             Was a Believer of Trog.
             Slain by a gnoll
             ... wielding a +0 spear
              (5 damage)
             ... on level 3 of the Dungeon.
             The game lasted 00:03:03 (1929 turns).

karkarkar the Chopper (Minotaur Berserker)          Turns: 1929, Time: 00:03:04

Health: -2/49      AC:  6    Str: 22    XL:     3   Next: 91%
Magic:  2/2        EV: 11    Int:  4    God:    Trog [**....]
Gold:   5          SH:  0    Dex:  9    Spells: 2/2 levels left

rFire    . . .     SeeInvis .   j - +0 rapier (elec)
rCold    . . .     Faith    .   (no shield)
rNeg     . . .     Spirit   .   f - +0 ring mail
rPois    .         Reflect  .   (helmet restricted)
rElec    .         Harm     .   (no cloak)
rCorr    .         Rampage  .   (no gloves)
Will     .....                  c - +0 pair of boots
Stlth    ..........             (no amulet)
HPRegen  0.16/turn              (no ring)
MPRegen  0.08/turn              (no ring)

@: berserking, very quick
A: horns 2, retaliatory headbutt
a: Renounce Religion, Berserk, Trog's Hand


You were on level 3 of the Dungeon.
You worshipped Trog.
Trog was pleased with you.
You visited 1 branch of the dungeon, and saw 3 of its levels.

You collected 35 gold pieces.
You spent 30 gold pieces at shops.

Inventory:

Hand Weapons
 a - a +0 hand axe
 j - a +0 rapier of electrocution (weapon)
Armour
 c - a +0 pair of boots (worn)
 f - a +0 ring mail (worn)
Scrolls
 e - a scroll of noise {unknown}
 g - a scroll of fog {unknown}
 h - a scroll of fear {unknown}
 i - a scroll of immolation {unknown}
 k - a scroll of amnesia {unknown}
 m - a scroll of blinking {unknown}
Potions
 b - a potion of invisibility {unknown}
 d - 2 potions of curing
 l - a potion of haste


   Skills:
 + Level 4.2 Fighting
 + Level 0.5 Short Blades
 + Level 4.7 Axes
 + Level 2.9 Armour
 + Level 2.6 Dodging


You had 2 spell levels left.
You didn't know any spells.
Your spell library was empty.

Dungeon Overview and Level Annotations

Branches:
Dungeon (3/15)

Altars:

Shops:
D:1 =   D:2 !


Innate Abilities, Weirdness & Mutations

You have a pair of horns on your head.
You reflexively headbutt those who attack you in melee.


Message History

The gnoll shouts!
You hear a shout!
A gnoll comes into view. It is wielding a +0 whip.
The gnoll hits you with a +0 club.
You hit the gnoll.
The gnoll is lightly wounded.
The gnoll barely misses you. x2
You hit the gnoll but do no damage.
The gnoll is lightly wounded.
The gnoll hits you but does no damage.
The gnoll hits you from afar with a +0 spear!
The gnoll misses you.
You hit the gnoll. Lightning courses through the gnoll!
You kill the gnoll!
Trog accepts your kill.
The gnoll hits you from afar with a +0 spear.
The gnoll closely misses you. The gnoll completely misses you.
The gnoll hits you but does no damage.
You barely miss the gnoll. Your headbutt misses the gnoll.
The gnoll closely misses you.
You hit the gnoll.
The gnoll is heavily wounded.
The gnoll barely misses you. The gnoll closely misses you.
You barely miss the gnoll. Your headbutt misses the gnoll.
The gnoll is heavily wounded.
The gnoll misses you. The gnoll hits you with a +0 spear.
The gnoll closely misses you. The gnoll hits you with a +0 whip.
The gnoll hits you with a +0 spear.
A red film seems to cover your vision as you go berserk!
You feel yourself moving faster!
You feel mighty! The gnoll closely misses you. The gnoll misses you.
The gnoll hits you with a +0 spear.
You are too injured to fight recklessly!
You are too injured to fight recklessly!
You are too injured to fight recklessly!
You barely miss the gnoll. The gnoll hits you with a +0 halberd!
* * * LOW HITPOINT WARNING * * *
You puncture the gnoll! Lightning courses through the gnoll!
You kill the gnoll!
Trog accepts your kill. The gnoll hits you with a +0 spear.
You die...

#........#...#
#.#......#.#######
#.#.†#.#.......#
#)#..#.#######.#
#...<#.# #.#
######.# #.# ..# #.#
################.###
#.....)@...........#
#.....gg)###########
#..#####.# # #.# #.#
..# ###


You could see 2 gnolls.

Vanquished Creatures
  2 gnolls (D:3)
  2 adders
  3 dart slugs
  3 endoplasms (D:1)
  A giant cockroach (D:3)
  2 goblins
  A hobgoblin (D:1)
  A quokka (D:1)
  6 ball pythons
  2 bats
  2 frilled lizards (D:1)
  4 kobolds
  4 rats
33 creatures vanquished.

Notes
Turn   | Place    | Note
-------+----------+-------------------------------------------
     0 | D:1      | karkarkar the Minotaur Berserker began the quest for the
                  | Orb.
     0 | D:1      | Reached XP level 1. HP: 19/19 MP: 0/0
   151 | D:1      | Found Ekioducvonk's Jewellery Shop.
   461 | D:1      | Reached XP level 2. HP: 27/27 MP: 1/1
   602 | D:1      | Found a faded altar of an unknown god.
  1281 | D:2      | Found Ephul's Distillery.
  1330 | D:2      | Reached XP level 3. HP: 33/33 MP: 2/2
  1394 | D:2      | Reached ** piety under Trog
  1863 | D:2      | Bought a potion of curing for 30 gold pieces
  1929 | D:3      | Slain by a gnoll

Illustrated notes

Levels and vault maps discovered:
D:1:      dpeg_arrival_rhombus, layout_basic,
          shapermc_ecumenical_altar_totnotflames, serial_shops,
          nicolae_shop_window_shopping, minmay_cut_off
D:2:      layout_loops_corners, serial_shops, shop_fountains
D:3:      layout_basic, chequers_temple_overflow_minitemple, uniq_grinder

Skill      XL: |  1  2 |
---------------+-------+-----
Axes           | 4 |  4.7
Fighting       | 4 |  4.2
Short Blades   | |  0.5
Armour         | |  2.9
Dodging        | |  2.6

Action                   || total
-------------------------++-------
Melee: Hand axe          ||    35
       Headbutt          ||    10
       Rapier            ||    41
Invok: Berserk           ||     1
  Use: Potion            ||     1
Armor: Ring mail         ||    28
       Animal skin       ||     1
Dodge: Dodged            ||    49

Table legend: (Time is in decaauts)
 A = Elapsed time spent in this place.
 B = Non-inter-level travel time spent in this place.
 C = Inter-level travel time spent in this place.
 D = Time resting spent in this place.
 E = Time spent auto-exploring this place.
 F = Levels seen in this place.
 G = Mean time per level.
                   A        B        C        D        E       F      G
               +--------+--------+--------+--------+--------+-----+--------+
         Total |   1924 |   1772 |    152 |      0 |   1525 |   3 |  641.3 |
       Dungeon |   1924 |   1772 |    152 |      0 |   1525 |   3 |  641.3 |
               +--------+--------+--------+--------+--------+-----+--------+

Top non-repeatable levels by time:
     D:1: 1013 daAuts
     D:2: 866 daAuts
     D:3: 44 daAuts
